 Dungeon Crawl Stone Soup version 0.31-a0-459-gc8a9bf3d51 (webtiles) character file.

Game seed: 3297067513631323261

2078 Ethylacetat the Martial Artist (level 9, -8/48 HPs)
             Began as a Vine Stalker Monk on Aug 4, 2023.
             Mangled by a skeletal warrior
             ... wielding a +0 dire flail
             ... created by the anger of Yredelemnul
              (13 damage)
             ... on level 6 of the Dungeon.
             The game lasted 00:11:02 (4459 turns).

Ethylacetat the Martial Artist (Vine Stalker Monk)  Turns: 4459, Time: 00:11:02

Health: -8/48      AC: 18    Str: 20    XL:     9   Next: 26%
Magic:  0/18       EV: 12    Int: 10    God:
Gold:   279        SH:  0    Dex: 21    Spells: 15/19 levels left

rFire   + . .        G - +2 falchion (protect)
rCold   . . .        c - orb {light}
rNeg    . . .        l - +2 ring mail {rF+}
rPois   .            (no helmet)
rElec   .            (no cloak)
rCorr   .            (no gloves)
SInv    .            (no boots)
Will    +....        (no amulet)
Stlth   +            h - +6 ring of strength
HPRegen 1.08/turn    u - +4 ring of protection
MPRegen 0.16/turn

%: guardian spirit
@: under a protective aura, glowing
A: fangs 3, regeneration 1, magic shield, antimagic bite, no potion heal 2
a: no special abilities


You were on level 6 of the Dungeon.
You visited 1 branch of the dungeon, and saw 6 of its levels.

You collected 279 gold pieces.

Inventory:

Hand Weapons
 G - a +2 falchion of protection (weapon)
Missiles
 e - 5 javelins
 y - 6 silver javelins
Armour
 c - an orb of light (worn)
 l - a +2 ring mail of fire resistance (worn)
 J - a +0 leather armour of cold resistance
Jewellery
 h - a +6 ring of strength (left hand)
 t - a ring of willpower
 u - a +4 ring of protection (right hand)
Wands
 s - a wand of charming (3)
 E - a wand of polymorph (13)
 H - a wand of mindburst (18)
Scrolls
 f - a scroll of revelation {unknown}
 g - 2 scrolls of acquirement {unknown}
 j - a scroll of enchant armour {unknown}
 k - 5 scrolls of teleportation {unknown}
 p - 3 scrolls of identify
 q - a scroll of fear {unknown}
 r - 3 scrolls of amnesia
 v - a scroll of vulnerability {unknown}
 w - a scroll of poison
 A - 2 scrolls of immolation {unknown}
 B - a scroll of enchant weapon {unknown}
 D - a scroll of noise {unknown}
 F - a scroll of torment {unknown}
Potions
 a - a potion of cancellation {unknown}
 b - a potion of ambrosia
 d - a potion of degeneration
 i - 2 potions of curing
 m - 2 potions of heal wounds
 n - a potion of resistance {unknown}
 o - a potion of brilliance
 x - a potion of lignification
 z - a potion of mutation {unknown}
 C - 2 potions of attraction {unknown}
 I - 2 potions of berserk rage {unknown}


   Skills:
 + Level 6.0 Fighting
 * Level 3.1 Long Blades
 - Level 2.4 Dodging
 - Level 8.2 Unarmed Combat
 + Level 5.7 Spellcasting


You had 15 spell levels left.
You knew the following spells:

 Your Spells              Type           Power      Damage    Failure   Level
a - Wereblood             Tmut           2%         N/A       50%         2
b - Lesser Beckoning      Tloc           4%         N/A       50%         2

Your spell library contained the following spells:

 Spells                   Type           Power      Damage    Failure   Level
 Scorch                   Fire           4%         2d5       50%         2
 Gell's Gravitas          Tloc           2%         N/A       73%         3
 Inner Flame              Hex/Fire       2%         N/A       73%         3
 Teleport Other           Tloc           2%         N/A       73%         3
 Flame Wave               Conj/Fire      2%         2d4       98%         4
 Sticky Flame             Conj/Fire      2%         2d3       98%         4
 Irradiate                Conj/Tmut      1%         3d12      100%        5
 Summon Cactus Giant      Summ           1%         N/A       100%        6


Dungeon Overview and Level Annotations

Branches:
Dungeon (6/15)
 Temple: D:4-7

Altars:
Fedhas
Makhleb
Nemelex Xobeh
Yredelemnul
Zin

Shops:
D:1 =(*(

Annotations:
D:3 2 transporters, u553311's ghost, amateur OpSh
D:5 1 runed translucent door, blacky4's ghost, novice GrFi


Innate Abilities, Weirdness & Mutations

You have razor-sharp teeth.
Your natural rate of healing is unusually fast.
When hurt, damage is shared between your health and your magic reserves.
Your bite disrupts and absorbs the magic of your enemies.
Potions cannot restore your health.


Message History

The skeletal warrior is moderately damaged.
The skeletal warrior hits you with a +0 dire flail.
You hit the skeletal warrior but do no damage.
You bite the skeletal warrior, but do no damage.
The skeletal warrior is moderately damaged.
The skeletal warrior closely misses you.
You hit the skeletal warrior.
The skeletal warrior is moderately damaged.
The skeletal warrior hits you but does no damage.
You hit the skeletal warrior but do no damage.
You bite the skeletal warrior. You drain its power.
You feel invigorated.
The skeletal warrior is moderately damaged.
The skeletal warrior hits you with a +0 dire flail!!
* * * LOW HITPOINT WARNING * * *
The skeletal warrior barely misses you.
You barely miss the skeletal warrior.
You bite the skeletal warrior, but do no damage.
The skeletal warrior is moderately damaged.
The skeletal warrior barely misses you.
You hit the skeletal warrior but do no damage.
Your bite misses the skeletal warrior.
The skeletal warrior is moderately damaged.
The skeletal warrior hits you with a +0 dire flail.
You slash the skeletal warrior!
You bite the skeletal warrior, but do no damage.
The skeletal warrior is heavily damaged.
The skeletal warrior hits you with a +0 dire flail!
* * * LOW HITPOINT WARNING * * *
Okay, then.
Okay, then.
As you read the scroll labelled YXZUEH EMABU, it crumbles to dust.
It is a scroll of identify.
r - 3 scrolls of amnesia The skeletal warrior hits you with a +0 dire flail.
* * * LOW HITPOINT WARNING * * *
The air fills with toxic fumes!
As you read the scroll labelled ZIEP ECWOLUA, it crumbles to dust.
It was a scroll of poison.
The skeletal warrior hits you with a +0 dire flail!
You die...

## ###. #... ####### #...
#...§§# #..# #.###§# #..≈
#.# #§####### #.## #.#
#z#.....#### #.#≈ #.#
#@#.###....# #.~≈ #.#
#§#.#.#.^..# #.##
#.###§#.#.#....####..#
#.#.§§#...#....##....#
#######)#.#§§.#.#....##.#...
#......)#.#§§.#.#....##.#...
#......>..#§§....†..........
#.......#.§######.#+########
#........)..........# #.....


You could see a skeletal warrior.

Vanquished Creatures
  Pikel (D:4)
  Eustachio (D:6)
  A steam dragon (D:6)
  An ogre (D:5)
  3 centaurs
  A phantom (D:5)
  A kobold brigand (D:6)
  A bullfrog (D:6)
  A scorpion (D:4)
  2 howler monkeys
  A jelly (D:4)
  3 hounds
  4 orc priests
  2 sleepcaps
  An iguana (D:5)
  An orc wizard (D:4)
  7 gnolls
  13 adders
  3 shadow imps
  An ufetubus (D:5)
  2 worms (D:5)
  3 dart slugs
  20 orcs
  8 endoplasms
  9 giant cockroaches
  2 goblins
  3 hobgoblins
  3 jackals (D:3)
  12 kobolds
  2 quokkas
  7 ball pythons
  A bat (D:1)
  3 frilled lizards
  4 rats
128 creatures vanquished.

Vanquished Creatures (collateral kills)
  An orc (D:3)
  A goblin (D:3)
  A ball python (D:2)
3 creatures vanquished.

Grand Total: 131 creatures vanquished

Notes
Turn   | Place    | Note
-------+----------+-------------------------------------------
     0 | D:1      | Ethylacetat the Vine Stalker Monk began the quest for the
                  | Orb.
     0 | D:1      | Reached XP level 1. HP: 11/11 MP: 2/2
    16 | D:1      | Found Gamaafad's Jewellery Boutique.
    16 | D:1      | Found Ijifu's Antique Weapon Boutique.
   147 | D:1      | Reached XP level 2. HP: 5/16 MP: 3/3
   232 | D:1      | Found Keplaew's Weapon Emporium.
   290 | D:1      | Found Meaklox's Assorted Antiques.
   519 | D:1      | Found a faded altar of an unknown god.
   558 | D:1      | Prayed at the altar of an unknown god.
   558 | D:1      | Became a worshipper of Yredelemnul the Dark
   558 | D:1      | Reached * piety under Yredelemnul
   558 | D:1      | Reached ** piety under Yredelemnul
   654 | D:2      | Reached skill level 1 in Spellcasting
   669 | D:2      | Reached XP level 3. HP: 17/20 MP: 5/5
   974 | D:2      | Reached skill level 4 in Unarmed Combat
  1196 | D:3      | Gained mutation: Your natural rate of healing is unusually
                  | fast. [Vine Stalker growth]
  1196 | D:3      | Reached XP level 4. HP: 24/24 MP: 7/7
  1288 | D:3      | Noticed u553311's ghost (amateur OpSh)
  1309 | D:3      | Fell from the grace of Yredelemnul
  1316 | D:3      | Found a transporter.
  1324 | D:3      | Found a transporter.
  1551 | D:3      | Reached XP level 5. HP: 28/28 MP: 7/9
  1822 | D:4      | Noticed a lemure
  1822 | D:4      | Noticed a lemure
  1822 | D:4      | Noticed a lemure
  1823 | D:4      | Noticed a lemure
  1823 | D:4      | Noticed Pikel
  1836 | D:4      | Killed Pikel
  1837 | D:4      | Reached skill level 6 in Unarmed Combat
  1837 | D:4      | Reached XP level 6. HP: 28/34 MP: 4/12
  1837 | D:4      | Reached XP level 7. HP: 32/38 MP: 4/13
  2178 | D:4      | Gained mutation: You have razor-sharp teeth. [Vine Stalker
                  | growth]
  2178 | D:4      | Reached XP level 8. HP: 42/42 MP: 15/15
  2347 | D:4      | Reached skill level 7 in Unarmed Combat
  2355 | D:4      | Learned a level 2 spell: Wereblood
  2358 | D:4      | Learned a level 2 spell: Lesser Beckoning
  2834 | D:5      | Entered Level 5 of the Dungeon
  2923 | D:5      | Reached skill level 5 in Fighting
  3003 | D:5      | Found a runed translucent door.
  3005 | D:5      | Noticed blacky4's ghost (novice GrFi)
  3049 | D:5      | Found a glowing silver altar of Zin.
  3050 | D:5      | Found a blossoming altar of Fedhas.
  3051 | D:5      | Found a sparkling altar of Nemelex Xobeh.
  3206 | D:5      | Reached skill level 8 in Unarmed Combat
  3304 | D:5      | Reached skill level 5 in Spellcasting
  3749 | D:5      | Found a burning altar of Makhleb.
  4007 | D:6      | Reached skill level 1 in Long Blades
  4060 | D:6      | Reached XP level 9. HP: 48/48 MP: 17/17
  4066 | D:6      | Identified the +1 robe "Moqain" {rN+}
  4269 | D:6      | Noticed Eustachio
  4276 | D:6      | Killed Eustachio
  4446 | D:6      | Noticed a skeletal warrior
  4459 | D:6      | Mangled by a skeletal warrior

Illustrated notes

Levels and vault maps discovered:
D:1:      elethiomel_arrival_quiet, layout_rooms,
          shapermc_ecumenical_altar_flowoftime, serial_shops,
          nicolae_shop_pleasant_corner_grove, nicolae_shop_overgrown_old_shop,
          shop, nicolae_shop_tiny_statue_garden, minmay_worlds_worst_comb
D:2:      layout_basic, minmay_misc_feat_roman
D:3:      layout_rooms, gammafunk_ghost_arena, mrwooster_statue_mirror
D:4:      layout_cave_pods, kennysheep_generic_room_9, uniq_pikel
D:5:      layout_basic, makhleb_heckhound_becter,
          chequers_temple_overflow_statue_of_worship, serial_aquarium,
          aquarium_bridge_square [aquarium_subvault_bridge,
          aquarium_subvault_wall, aquarium_subvault_bridge,
          aquarium_subvault_balcony], aquarium_bridge_straight
          [aquarium_subvault_bridge, aquarium_subvault_balcony,
          aquarium_subvault_bridge, aquarium_subvault_wall],
          aquarium_window_corridor_1, aquarium_window_fake, aquarium_view_2b,
          aquarium_view_2c, aquarium_balcony_3b, ebering_ghost_reflecting_pool,
          kennysheep_generic_room_2
D:6:      layout_basic, serial_aquarium, aquarium_bridge_square
          [aquarium_subvault_bridge, aquarium_subvault_window,
          aquarium_subvault_bridge, aquarium_subvault_bridge],
          aquarium_window_2, aquarium_window_corridor_2, aquarium_window_corner,
          aquarium_window_corner, aquarium_view_2c, aquarium_view_2c,
          aquarium_pool_side, minivault_4, kennysheep_generic_room_8,
          uniq_eustachio

Skill      XL: |  1  2  3  4  5  6  7  8  9 |
---------------+----------------------------+-----
Fighting       | 3 4 5 6 |  6.0
Spellcasting   | 1 2 3 4 5 |  5.7
Unarmed Combat | 4 6 8 |  8.2
Long Blades    | 1 3 |  3.1
Dodging        | |  2.4

Action                     |  1- 3 |  4- 6 |  7- 9 || total
---------------------------+-------+-------+-------++-------
  Melee: Unarmed           |   100 |    64 |   133 ||   297
         Bite              |    41 |    15 |    88 ||   144
         Falchion          |       |       |    61 ||    61
 Invoke: Renounce Religion |       |     1 |       ||     1
  Evoke: Wand              |       |       |     3 ||     3
    Use: Potion            |       |     5 |       ||     5
         Scroll            |       |       |     2 ||     2
   Stab: Distracted        |       |     1 |       ||     1
 Armour: Ring mail         |    16 |    37 |    72 ||   125
         Robe              |     4 |       |       ||     4
         Skin              |       |    23 |     4 ||    27
  Dodge: Dodged            |    31 |    43 |   109 ||   183

Table legend: (Time is in decaauts)
 A = Elapsed time spent in this place.
 B = Non-inter-level travel time spent in this place.
 C = Inter-level travel time spent in this place.
 D = Time resting spent in this place.
 E = Time spent auto-exploring this place.
 F = Levels seen in this place.
 G = Mean time per level.
                   A        B        C        D        E       F      G
               +--------+--------+--------+--------+--------+-----+--------+
         Total |   4439 |   4162 |    277 |     25 |   3337 |   6 |  739.8 |
       Dungeon |   4439 |   4162 |    277 |     25 |   3337 |   6 |  739.8 |
               +--------+--------+--------+--------+--------+-----+--------+

Top non-repeatable levels by time:
     D:5: 1144 daAuts
     D:4: 1060 daAuts
     D:1: 684 daAuts
     D:2: 598 daAuts
     D:6: 480 daAuts
     D:3: 470 daAuts
